 Dungeon Crawl Stone Soup version 0.20.0-15-g7f486f2 (webtiles) character file.

473 Zachthehappycat the Slasher (level 6, 0/48 HPs)
             Began as a Demonspawn Chaos Knight on June 29, 2017.
             Slain by Zachthehappycat's ghost (3 damage)
             ... on level 5 of the Dungeon.
             The game lasted 00:29:17 (6859 turns).

Zachthehappycat the Slasher (DsCK)                  Turns: 6859, Time: 00:29:18

Health: 0/48       AC:  6    Str: 12    XL:     6   Next: 83%
Magic:  6/6        EV: 11    Int: 12    God:    Xom [......]
Gold:   263        SH:  0    Dex: 16    Spells: 5/5 levels left

rFire    + . .     SeeInvis .   a - +0 falchion (chaos)
rCold    x . .     Gourm    .   (no shield)
rNeg     . . .     Faith    .   H - +1 robe of Aqer {rPois Int-2 Dex+2}
rPois    +         Spirit   .   E - +0 helmet
rElec    .         Reflect  .   B - +0 cloak
rCorr    .         Harm     .   r - +0 pair of gloves
MR       +....                  (no boots)
Stlth    ++........             (no amulet)
Regen    0.2/turn               t - ring of protection from magic
MPRegen  0.1/turn               D - ring of fire

@: about to teleport, very heavily drained
A: talons 2, demonic guardian 1, nightstalker 1
a: Renounce Religion


You were on level 5 of the Dungeon.
You worshipped Xom.
You were a very special plaything of Xom.
You were hungry.

You visited 1 branch of the dungeon, and saw 5 of its levels.

You collected 263 gold pieces.

Inventory:

Hand Weapons
 a - a +0 falchion of chaos (weapon)
 l - a cursed -2 blowgun
 M - a +1 hand axe of pain
Missiles
 f - 51 arrows
 i - 46 poisoned needles
 o - 28 sling bullets
 x - 8 needles of frenzy
 y - 46 bolts
 A - 6 large rocks
 F - 57 stones (quivered)
Armour
 b - a +3 leather armour
 r - a +0 pair of gloves (worn)
 B - a +0 cloak (worn)
 E - a +0 helmet (worn)
 H - the +1 robe of Aqer (worn) {rPois Int-2 Dex+2}
   (You found it on level 4 of the Dungeon)

   It affects your intelligence (-2).
   It affects your dexterity (+2).
   It protects you from poison.
Jewellery
 t - a ring of protection from magic (left hand)
 w - an uncursed amulet of magic regeneration
 D - a ring of fire (right hand)
 G - an uncursed ring of positive energy
Scrolls
 h - a scroll of recharging {unknown}
 j - a scroll of magic mapping
 m - a scroll of teleportation
 q - a scroll of fear
 v - a scroll of noise
 z - 2 scrolls of remove curse
 C - a scroll of identify
 J - a scroll of blinking {unknown}
Potions
 d - 2 potions of mutation {unknown}
 e - a potion of haste {unknown}
 n - a potion of heal wounds
 u - a potion of ambrosia {unknown}
 I - a potion of invisibility {unknown}
 K - a potion of brilliance
 L - a potion of agility {unknown}
Comestibles
 c - 4 bread rations
 g - 4 fruits
 k - 4 royal jellies
 p - 2 meat rations


   Skills:
 + Level 4.0(0.6) Fighting
 + Level 4.7(1.2) Long Blades
 + Level 3.0(0.0) Armour
 + Level 3.0(0.0) Dodging
 + Level 2.2(0.0) Stealth


You had 5 spell levels left.
You didn't know any spells.

Dungeon Overview and Level Annotations

Branches:
Dungeon (5/15)
 Temple: D:4-7

Altars:
Kikubaaqudgha
Ru

Shops:
D:5 ?

Annotations:
D:5 Zachthehappycat's ghost, novice BaSk


Innate Abilities, Weirdness & Mutations

You have razor-sharp toenails.
A weak demonic guardian rushes to your aid.
You are slightly more attuned to the shadows.


Message History

* * * LOW HITPOINT WARNING * * *
Something hits your quasit but does no damage.
Your quasit disappears in a puff of smoke!
Xom almost notices you. Wisps of smoke drift from your nose.
Something hits you.
* * * LOW HITPOINT WARNING * * *
You feel drained.
* * * LOW HITPOINT WARNING * * *
As you read the scroll of fog, it crumbles to dust.
The scroll dissolves into smoke.
Something hits you!
* * * LOW HITPOINT WARNING * * *
You feel drained.
As you read the scroll of teleportation, it crumbles to dust.
You feel strangely unstable. Something hits you.
* * * LOW HITPOINT WARNING * * *
You feel drained. Something hits you.
You die... "This toy is broken."

#.######.# #......# #.#.
..#.# #.....$. .
....##.#.###.#......? #
#.#..........#...?..∩ ##
#.#.......# #..../.. .
#.#.......# #§##<###
#.#.......# #§# .#
####.#..##...####§##.####
..............§§@§§§..>..
h
####.###.##.#.######.####
#.# #..#.#....... # #.#
##.#.#....### #.#
.#.#....#
###.####...#......
##.......#..#.#.####
.........# .....
##.......#


There were no monsters in sight!

Vanquished Creatures
  A fire bat (D:3)
  An orc priest (D:3)
  A bullfrog skeleton (D:4)
  An orc wizard (D:3)
  A worker ant (D:4)
  Robin (D:2)
  5 adders
  3 worms
  2 adder skeletons
  A dart slug (D:1)
  5 leopard geckos
  2 orcs
  4 giant cockroaches
  13 hobgoblins
  14 jackals
  3 quokkas (D:3)
  A ball python zombie (D:5)
  10 bats
  9 frilled lizards
  12 goblins
  3 kobolds
  8 rats
  6 withered plants (D:2)
107 creatures vanquished.

Vanquished Creatures (collateral kills)
  An ogre (D:4)
  An adder (D:5)
  2 orcs (D:3)
  4 goblins (D:2)
8 creatures vanquished.

Vanquished Creatures (others)
  2 withered plants (D:2)
2 creatures vanquished.

Grand Total: 117 creatures vanquished

Notes
Turn   | Place    | Note
-------+----------+-------------------------------------------
     0 | D:1      | Zachthehappycat the Demonspawn Chaos Knight began the quest for the Orb.
     0 | D:1      | Reached XP level 1. HP: 18/18 MP: 1/1
   341 | D:1      | Reached skill level 1 in Dodging
   341 | D:1      | Gained mutation: You have sharp toenails. [demonic ancestry]
   341 | D:1      | Reached XP level 2. HP: 22/24 MP: 2/2
   543 | D:1      | XOM: harmless Fire miscast
   577 | D:1      | XOM: divination: detect items
   697 | D:1      | XOM: harmless Necr miscast
   723 | D:1      | XOM: harmless Conj miscast
  1064 | D:1      | XOM is BORED!
  1182 | D:1      | XOM: enchant monster (good)
  1184 | D:1      | Gained mutation: You are slightly more attuned to the shadows. [demonic ancestry]
  1184 | D:1      | Reached XP level 3. HP: 29/29 MP: 3/3
  1259 | D:1      | XOM: summons 1 hostile demon
  1756 | D:2      | Noticed Robin
  1761 | D:2      | XOM: 3-stop teleportation journey
  1956 | D:2      | Found an ancient bone altar of Kikubaaqudgha.
  2127 | D:2      | XOM: confusion
  2395 | D:2      | XOM: harmless Conj miscast
  2492 | D:2      | Gained mutation: A weak demonic guardian rushes to your aid. [demonic ancestry]
  2492 | D:2      | Reached XP level 4. HP: 35/35 MP: 4/4
  2837 | D:2      | XOM: summons 2 hostile demons
  2894 | D:2      | XOM: mild Summ miscast
  2935 | D:2      | XOM: smoke on damage
  3024 | D:2      | Killed Robin
  3159 | D:2      | XOM: summons 2 hostile demons
  3414 | D:2      | XOM: severe Ice miscast
  3583 | D:2      | XOM: summons 4 hostile shadow creatures
  4098 | D:3      | Reached XP level 5. HP: 19/41 MP: 5/5
  4448 | D:3      | XOM: summons 2 hostile demons
  4474 | D:3      | Reached skill level 1 in Stealth
  4810 | D:3      | Noticed a fire bat
  4810 | D:3      | a worm changed into a fire bat
  4810 | D:3      | XOM: polymorph worm -> fire bat
  4819 | D:3      | Killed a fire bat
  4819 | D:3      | Gained mutation: You have razor-sharp toenails. [demonic ancestry]
  4819 | D:3      | Reached XP level 6. HP: 39/48 MP: 6/6
  5415 | D:4      | Got a warped robe
  5426 | D:4      | Identified the +1 robe of Aqer {rPois Int-2 Dex+2} (You found it on level 4 of the Dungeon)
  5493 | D:4      | XOM: harmless Air miscast
  5583 | D:4      | XOM: harmless Necr miscast
  5917 | D:4      | XOM: chaos cloud
  6180 | D:4      | XOM: medium Ice miscast
  6549 | D:4      | XOM: medium Ice miscast
  6725 | D:5      | Entered Level 5 of the Dungeon
  6735 | D:5      | Found a sacrificial altar of Ru.
  6833 | D:5      | Found Qiustr Qofecs's Magic Scroll Emporium.
  6834 | D:5      | Noticed Zachthehappycat's ghost (novice BaSk)
  6834 | D:5      | XOM: enchant monster (bad)
  6838 | D:5      | XOM: divination: detect creatures
  6853 | D:5      | XOM: harmless Conj miscast
  6857 | D:5      | HP: 2/48 [something (1)]
  6859 | D:5      | Slain by Zachthehappycat's ghost

Skill      XL: |  1  2  3  4  5  6 |
---------------+-------------------+-----
Armour         | 2 3 |  3.0
Dodging        | 1 2 3 |  3.0
Long Blades    | 3 4 |  4.7
Stealth        | 1 2 |  2.2
Fighting       | 4 |  4.0

Action                   |  1- 3 |  4- 6 || total
-------------------------+-------+-------++-------
Melee: Falchion          |   160 |   329 ||   489
       Kick              |    30 |   106 ||   136
  Use: Scroll            |     1 |     8 ||     9
       Potion            |       |     5 ||     5
 Stab: Sleeping          |     1 |     8 ||     9
       Confused          |       |     2 ||     2
       Distracted        |       |     1 ||     1
       Paralysed         |       |     3 ||     3
  Eat: Chunk             |     5 |     9 ||    14
       Meat ration       |       |     1 ||     1
Armor: Leather armour    |    84 |   100 ||   184
       Robe              |       |    26 ||    26
Dodge: Dodged            |   151 |   210 ||   361
       Rpst.: Falchion   |    40 |    61 ||   101
